 Dungeon Crawl Stone Soup version 0.22-a0-204-g464ede7bef (webtiles) character file.

81 RedPan the Ducker (level 4, 0/35 HPs)
             Began as a Demonspawn Monk on Feb 18, 2018.
             Slain by an orc
             ... wielding a +0 whip
              (5 damage)
             ... on level 3 of the Dungeon.
             The game lasted 00:02:50 (1768 turns).

RedPan the Ducker (Demonspawn Monk)                 Turns: 1768, Time: 00:02:50

Health: 0/35       AC:  2    Str: 13    XL:     4   Next: 20%
Magic:  4/4        EV: 14    Int: 11    God:
Gold:   96         SH:  0    Dex: 15    Spells: 3/3 levels left

rFire    x . .     SeeInvis .   a - +0 falchion
rCold    + . .     Gourm    .   (no shield)
rNeg     . . .     Faith    .   b - +0 robe
rPois    .         Spirit   .   (helmet restricted)
rElec    .         Reflect  .   (no cloak)
rCorr    .         Harm     .   (no gloves)
MR       .....                  (no boots)
Stlth    +++.......             d - amulet of magic regeneration
HPRegen  0.11/turn              e - ring of ice
MPRegen  0.34/turn              (no ring)

@: hasted, very quick
A: horns 1, nightstalker 1
a: no special abilities


You were on level 3 of the Dungeon.
You were hungry.

You visited 1 branch of the dungeon, and saw 3 of its levels.

You collected 96 gold pieces.

Inventory:

Hand Weapons
 a - a +0 falchion (weapon)
Armour
 b - a +0 robe (worn)
Jewellery
 d - an amulet of magic regeneration (around neck)
 e - a ring of ice (left hand)
 o - an uncursed amulet of the acrobat
Scrolls
 j - a scroll of teleportation
 m - a scroll of amnesia
Potions
 g - 2 potions of heal wounds {unknown}
 k - 2 potions of haste
 l - a potion of flight {unknown}
 p - a potion of agility {unknown}
 q - a potion of magic {unknown}
Comestibles
 c - 2 rations


   Skills:
 - Level 3.0 Fighting
 + Level 3.7 Long Blades
 + Level 3.8 Dodging
 - Level 1.7 Stealth


You had 3 spell levels left.
You didn't know any spells.

Dungeon Overview and Level Annotations

Branches:
Dungeon (3/15)

Altars:


Innate Abilities, Weirdness & Mutations

You have a pair of small horns on your head.
You are slightly more attuned to the shadows.


Message History

The orc hits you but does no damage.
You hit the orc but do no damage. Your headbutt misses the orc.
The orc is lightly wounded.
You hit the orc.
The orc is heavily wounded.
The orc closely misses you.
You riposte.
You hit the orc. Your headbutt misses the orc.
The orc is severely wounded.
You hit the orc.
You kill the orc!
You hit the orc but do no damage. Your headbutt misses the orc.
The orc hits you with a whip.
* * * LOW HITPOINT WARNING * * *
You barely miss the orc. You headbutt the orc, but do no damage.
The orc misses you.
You riposte.
You completely miss the orc. Your headbutt misses the orc. You hit the orc.
The orc is lightly wounded.
The orc hits you with a whip.
You die...

*,**,* *,,*,,*
*,**,* *,**,*
*,,*>,***,**,*
***,**,******
*,,*,,,**,**,**
*,,,**,,,,,,*
*,,**,,**,,,,,,
*,*********,*
*,,**,,*****,** *,*
*,* *,,#*,,* *,* *,*
#.* *,.#*,,* *,* *,*
#.#####..##.,*****,*
*,*
#.#.@o†.....,,,,,,,*
*,*
#.#.###%####,*******
*,* #.#.# *,# *,*
*,***######.#.# *,*
**,******
*,,,,.........#**,*
*,,,,,,,*
******#####.###*,,*
*,*****,* #.#
*,****,* *,* #†#
*,,,,,,* *,* #.#
******,* *,*


You could see an orc.

Vanquished Creatures
  An orc wizard (D:3)
  An ooze (D:2)
  A worm (D:2)
  A dart slug (D:1)
  A leopard gecko (D:2)
  2 orcs (D:3)
  3 giant cockroaches
  3 goblins
  2 hobgoblins
  8 jackals
  A quokka (D:3)
  4 bats
  4 frilled lizards (D:2)
  6 kobolds
  6 rats (D:1)
44 creatures vanquished.

Notes
Turn   | Place    | Note
-------+----------+-------------------------------------------
     0 | D:1      | RedPan the Demonspawn Monk began the quest for the Orb.
     0 | D:1      | Reached XP level 1. HP: 18/18 MP: 1/1
     0 | D:1      | Noticed a dwarf
     1 | D:1      | Noticed a draconian
     3 | D:1      | Noticed a minotaur skeleton
     3 | D:1      | Noticed a vampire
     6 | D:1      | Noticed a troll
    10 | D:1      | Noticed an ogre
    12 | D:1      | Noticed a centaur
    18 | D:1      | Noticed a minotaur
   299 | D:1      | Gained mutation: You have a pair of small horns on your head. [demonic ancestry]
   299 | D:1      | Reached XP level 2. HP: 14/24 MP: 2/2
   957 | D:2      | Gained mutation: You are slightly more attuned to the shadows. [demonic ancestry]
   957 | D:2      | Reached XP level 3. HP: 21/29 MP: 3/3
  1758 | D:3      | Reached XP level 4. HP: 9/35 MP: 4/4
  1768 | D:3      | Slain by an orc

Vault maps used:
D:1:      shiori_arrival_whats_in_store_for_you, minivault_19, minivault_27,
          corexii_corridor_pit

Skill      XL: |  1 |
---------------+----+-----
Long Blades    | 3 |  3.7
Dodging        | 3 |  3.8
Fighting       | |  3.0
Stealth        | |  1.7

Action                   |  1- 3 |  4- 6 || total
-------------------------+-------+-------++-------
Melee: Falchion          |   134 |     9 ||   143
       Headbutt          |    17 |     3 ||    20
  Use: Scroll            |     6 |       ||     6
       Potion            |     1 |       ||     1
 Stab: Sleeping          |     7 |       ||     7
  Eat: Chunk             |     2 |       ||     2
Armor: Robe              |    32 |     1 ||    33
Dodge: Dodged            |   108 |     3 ||   111
       Rpst.: Falchion   |    35 |     2 ||    37

Table legend:
 A = Spawn XP
 B = Non-spawn XP
 C = Spawn XP percentage of total XP
 D = Spawn monster count
 E = Non-spawn monster count
 F = Spawn count percentage of total count
 G = Total turns spent on level
                    A         B        C        D         E        F      G
               +---------+---------+-------+---------+---------+-------+---------
         Total |       0 |     117 |   0.0 |       0 |      44 |   0.0 |  1768
               +---------+---------+-------+---------+---------+-------+---------
           D:1 |       0 |      28 |   0.0 |       0 |      19 |   0.0 |   864
           D:2 |       0 |      37 |   0.0 |       0 |      17 |   0.0 |   834
           D:3 |       0 |      52 |   0.0 |       0 |       8 |   0.0 |    70
               +---------+---------+-------+---------+---------+-------+---------
